Match 44487522
Unlisted

Match 44487522
End
Pioneer Squad
Pioneer Squad
Construct Infanterie Kompanie
Grenadier Squad
Selects Breakthrough Battlegroup
Grenadier Squad
GrW 34 Mortar Team
Construct Luftwaffe Kompanie
Infanterie Officer Quarters
Grenadier Squad
Selects Assault Grenadiers
Selects Breakthrough
Breakthrough
Construct Luftwaffe Kompanie
Support Elements
Selects Rapid Production
Wirbelwind Flakpanzer
Jäger Squad
Breakthrough
Marder III M Tank Destroyer
Selects Blitzkrieg
7k this year for sure
^3
0
0

Comments sign in to comment!

No comments posted yet!